TOP OF THE 1ST |
Balzac Rams batting - Pitching for Riverside Red Bulls : RHP Jack Walker
|
Pitching: RHP Jack Walker
|
|
Batting: RHB Manuel Pérez
|
0-0: Called Strike 0-1: Ball 1-1: Ball 2-1: Swinging Strike 2-2: Ball 3-2: Strikes out swinging
|
Batting: RHB Tokuhei Kobayashi
|
0-0: Ground out 4-3 (Groundball, 4)
|
Batting: LHB José Berroa
|
0-0: Foul Ball, location: 2F 0-1: DOUBLE (Flyball, 8LD)
|
Batting: RHB Dave Craig
|
0-0: Ball 1-0: Ball 2-0: Ball 3-0: Base on Balls
|
Batting: RHB Enrico Ramos
|
0-0: Fly out, F9 (Flyball, 9LDF)
|
Top of the 1st over - 0 run(s), 1 hit(s), 0 error(s), 2 left on base; Balzac 0 - Riverside 0 |
BOTTOM OF THE 1ST |
Riverside Red Bulls batting - Pitching for Balzac Rams : LHP Alberto García
|
Pitching: LHP Alberto García
|
|
Batting: RHB William Richardson
|
0-0: Ball 1-0: Ball 2-0: Ball 3-0: Base on Balls
|
Batting: SHB Chun-yeong Kim
|
0-0: Ball 1-0: Foul Ball, location: 2F 1-1: Fielders Choice at 2nd, 1-6 (Groundball, 13)
|
Batting: RHB Brandon Pope
|
0-0: Ball 1-0: SINGLE (Flyball, 8RS) Chun-yeong Kim to second
|
Batting: RHB Kevin Brown
|
0-0: Called Strike 0-1: Foul Ball, location: 2F 0-2: Strikes out swinging
|
Batting: RHB Marcos Hernández
|
0-0: Called Strike 0-1: Ball 1-1: Foul Ball, location: 2F 1-2: Strikes out looking
|
Bottom of the 1st over - 0 run(s), 1 hit(s), 0 error(s), 2 left on base; Balzac 0 - Riverside 0 |
TOP OF THE 2ND |
Balzac Rams batting - Pitching for Riverside Red Bulls : RHP Jack Walker
|
Batting: RHB Paul Spencer
|
0-0: Called Strike 0-1: Swinging Strike 0-2: Strikes out swinging
|
Batting: LHB William Wolf
|
0-0: Swinging Strike 0-1: Ball 1-1: Called Strike 1-2: Ball 2-2: Ball 3-2: Strikes out looking
|
Batting: RHB Thomas Christopher
|
0-0: Ball 1-0: Ball 2-0: Ball 3-0: Called Strike 3-1: Base on Balls
|
Batting: RHB Shawn Bane
|
0-0: Called Strike 0-1: Ball 1-1: Called Strike 1-2: Ball 2-2: Ball 3-2: Strikes out swinging
|
Top of the 2nd over - 0 run(s), 0 hit(s), 0 error(s), 1 left on base; Balzac 0 - Riverside 0 |
BOTTOM OF THE 2ND |
Riverside Red Bulls batting - Pitching for Balzac Rams : LHP Alberto García
|
Batting: LHB Jorge Meléndez
|
0-0: Ball 1-0: Foul Ball, location: 2F 1-1: Ground out 4-3 (Groundball, 4)
|
Batting: RHB Kyle Bacon
|
0-0: Called Strike 0-1: Ball 1-1: Ball 2-1: Ground out 6-3 (Groundball, 6M)
|
Batting: RHB Júlio García
|
0-0: Ball 1-0: Called Strike 1-1: Ball 2-1: Ball 3-1: Base on Balls
|
Batting: RHB Earnest Finnegan
|
0-0: Ball 1-0: Ground out 6-3 (Groundball, 56)
|
Bottom of the 2nd over - 0 run(s), 0 hit(s), 0 error(s), 1 left on base; Balzac 0 - Riverside 0 |
TOP OF THE 3RD |
Balzac Rams batting - Pitching for Riverside Red Bulls : RHP Jack Walker
|
Batting: RHB Manuel Pérez
|
0-0: Ball 1-0: Called Strike 1-1: Swinging Strike 1-2: Strikes out swinging
|
Batting: RHB Tokuhei Kobayashi
|
0-0: Ball 1-0: Called Strike 1-1: Swinging Strike 1-2: Foul Ball, location: 2F 1-2: Ground out 6-3 (Groundball, 6M)
|
Batting: LHB José Berroa
|
0-0: Called Strike 0-1: Ball 1-1: Ball 2-1: Ball 3-1: Base on Balls
|
Batting: RHB Dave Craig
|
0-0: Swinging Strike 0-1: Called Strike 0-2: Ball 1-2: Strikes out swinging
|
Top of the 3rd over - 0 run(s), 0 hit(s), 0 error(s), 1 left on base; Balzac 0 - Riverside 0 |
BOTTOM OF THE 3RD |
Riverside Red Bulls batting - Pitching for Balzac Rams : LHP Alberto García
|
Batting: RHB William Richardson
|
0-0: Foul Ball, location: 2F 0-1: SINGLE (Groundball, 4MD)
|
Batting: SHB Chun-yeong Kim
|
0-0: Called Strike William Richardson steals 2nd base 0-1: Called Strike 0-2: Ball 1-2: Fly out, F9 (Flyball, 9M) Runner from 2nd tags up, SAFE at 3rd with throw
|
Batting: RHB Brandon Pope
|
0-0: Called Strike 0-1: Ball 1-1: Ball 2-1: Ball 3-1: Fly out, F3 (Popup, 34)
|
Batting: RHB Kevin Brown
|
0-0: Called Strike 0-1: Ball 1-1: Ball 2-1: Foul Ball, location: 2F 2-2: Strikes out swinging
|
Bottom of the 3rd over - 0 run(s), 1 hit(s), 0 error(s), 1 left on base; Balzac 0 - Riverside 0 |
TOP OF THE 4TH |
Balzac Rams batting - Pitching for Riverside Red Bulls : RHP Jack Walker
|
Batting: RHB Enrico Ramos
|
0-0: Ball 1-0: Ground out 5-3 (Groundball, 6)
|
Batting: RHB Paul Spencer
|
0-0: Called Strike 0-1: SOLO HOME RUN (Flyball, 7D), Distance : 407 ft
|
Batting: LHB William Wolf
|
0-0: Ball 1-0: Ball 2-0: Fly out, F7 (Flyball, 7S)
|
Batting: RHB Thomas Christopher
|
0-0: Foul Ball, location: 2F 0-1: Ball 1-1: Called Strike 1-2: Strikes out swinging, 2-3 out at first.
|
Top of the 4th over - 1 run(s), 1 hit(s), 0 error(s), 0 left on base; Balzac 1 - Riverside 0 |
BOTTOM OF THE 4TH |
Riverside Red Bulls batting - Pitching for Balzac Rams : LHP Alberto García
|
Batting: RHB Marcos Hernández
|
0-0: Ground out 5-3 (Groundball, 56)
|
Batting: LHB Jorge Meléndez
|
0-0: Called Strike 0-1: Swinging Strike 0-2: Ball 1-2: Foul Ball, location: 2F 1-2: Foul Ball, location: 2F 1-2: SOLO HOME RUN (Flyball, 9D), Distance : 414 ft
|
Batting: RHB Kyle Bacon
|
0-0: Ball 1-0: SINGLE (Line Drive, 9S)
|
Batting: RHB Júlio García
|
0-0: Ball 1-0: Called Strike 1-1: SINGLE (Line Drive, 8RS) Kyle Bacon to second Runner from 2nd tries for 3rd, SAFE, throw made to third
|
Batting: RHB Earnest Finnegan
|
0-0: Called Strike 0-1: Foul Ball, location: 2F 0-2: Ball 1-2: Foul Ball, location: 2F 1-2: Foul Ball, location: 2F 1-2: Fielders Choice at 2nd, 6-4 (Groundball, 6M) Kyle Bacon scores
|
Batting: RHB William Richardson
|
0-0: Ball 1-0: Foul Ball, location: 2F 1-1: Ball 2-1: Foul Ball, location: 2F 2-2: Ball 3-2: Ground out 6-3 (Groundball, 6M)
|
Bottom of the 4th over - 2 run(s), 3 hit(s), 0 error(s), 1 left on base; Balzac 1 - Riverside 2 |
TOP OF THE 5TH |
Balzac Rams batting - Pitching for Riverside Red Bulls : RHP Jack Walker
|
Batting: RHB Shawn Bane
|
0-0: Ball 1-0: Swinging Strike 1-1: Ball 2-1: Foul Ball, location: 2F 2-2: Strikes out swinging
|
Batting: RHB Manuel Pérez
|
0-0: Called Strike 0-1: Swinging Strike 0-2: Ball 1-2: Strikes out swinging
|
Batting: RHB Tokuhei Kobayashi
|
0-0: DOUBLE (Line Drive, 5D)
|
Batting: LHB José Berroa
|
0-0: Called Strike 0-1: Ball 1-1: Ball 2-1: Ball 3-1: Swinging Strike 3-2: Base on Balls
|
Batting: RHB Dave Craig
|
0-0: Called Strike 0-1: Ball 1-1: Ball 2-1: Swinging Strike 2-2: Strikes out swinging
|
Top of the 5th over - 0 run(s), 1 hit(s), 0 error(s), 2 left on base; Balzac 1 - Riverside 2 |
BOTTOM OF THE 5TH |
Riverside Red Bulls batting - Pitching for Balzac Rams : LHP Alberto García
|
Batting: SHB Chun-yeong Kim
|
0-0: Ground out 5-3 (Groundball, 5)
|
Batting: RHB Brandon Pope
|
0-0: Ground out 6-3 (Groundball, 6)
|
Batting: RHB Kevin Brown
|
0-0: Ball 1-0: Foul Ball, location: 2F 1-1: Swinging Strike 1-2: Strikes out looking
|
Bottom of the 5th over - 0 run(s), 0 hit(s), 0 error(s), 0 left on base; Balzac 1 - Riverside 2 |
TOP OF THE 6TH |
Balzac Rams batting - Pitching for Riverside Red Bulls : RHP Jack Walker
|
Batting: RHB Enrico Ramos
|
0-0: Called Strike 0-1: Ball 1-1: Called Strike 1-2: Ball 2-2: Ball 3-2: Foul Ball, location: 2F 3-2: Foul Ball, location: 2F 3-2: Base on Balls
|
Batting: RHB Paul Spencer
|
0-0: Called Strike 0-1: Ball 1-1: Ball 2-1: Ball 3-1: Base on Balls Enrico Ramos to second
|
Pitching: LHP Ricardo Díaz
|
|
Batting: LHB William Wolf
|
0-0: Foul Ball, location: 2F 0-1: Swinging Strike 0-2: Ball 1-2: Ball 2-2: Foul Ball, location: 2F 2-2: Ball 3-2: Ground out 5-3 (Groundball, 56) Enrico Ramos to third Paul Spencer to second
|
Batting: RHB Thomas Christopher
|
0-0: Foul Ball, location: 2F 0-1: Ball 1-1: Ball 2-1: Called Strike 2-2: Ball 3-2: Ground out U3 (Groundball, 3S)
|
Batting: RHB Shawn Bane
|
0-0: Called Strike 0-1: Ball 1-1: Called Strike 1-2: Strikes out swinging
|
Top of the 6th over - 0 run(s), 0 hit(s), 0 error(s), 2 left on base; Balzac 1 - Riverside 2 |
BOTTOM OF THE 6TH |
Riverside Red Bulls batting - Pitching for Balzac Rams : LHP Alberto García
|
Batting: RHB Marcos Hernández
|
0-0: Swinging Strike 0-1: Ball 1-1: Ball 2-1: Ball 3-1: Called Strike 3-2: Ground out 6-3 (Groundball, 6)
|
Batting: LHB Jorge Meléndez
|
0-0: SINGLE (Line Drive, 5S)
|
Batting: RHB Kyle Bacon
|
Pickoff Throw to First - Out! 0-0: Ball 1-0: Fly out, F6 (Popup, 5F)
|
Bottom of the 6th over - 0 run(s), 1 hit(s), 0 error(s), 0 left on base; Balzac 1 - Riverside 2 |
TOP OF THE 7TH |
Balzac Rams batting - Pitching for Riverside Red Bulls : LHP Ricardo Díaz
|
Batting: RHB Manuel Pérez
|
0-0: Ball 1-0: Called Strike 1-1: Called Strike 1-2: Ball 2-2: Strikes out swinging
|
Batting: RHB Tokuhei Kobayashi
|
0-0: Called Strike 0-1: Ball 1-1: Foul Ball, location: 2F 1-2: Foul Ball, location: 2F 1-2: TRIPLE (Groundball, 3L)
|
Pitching: RHP Paco Ríos
|
|
Batting: LHB José Berroa
|
0-0: Ball 1-0: Ball 2-0: Called Strike 2-1: Ball 3-1: Base on Balls
|
Batting: RHB Dave Craig
|
0-0: Foul Ball, location: 2F 0-1: Ball 1-1: Ball 2-1: Foul Ball, location: 2F 2-2: Strikes out swinging
|
Pinch Hitting: LHB Colt Pope
|
0-0: Called Strike 0-1: Ball Pickoff Throw to First - Error! E1 Tokuhei Kobayashi scores José Berroa to second 1-1: Foul Ball, location: 2F 1-2: Strikes out swinging
|
Top of the 7th over - 1 run(s), 1 hit(s), 1 error(s), 1 left on base; Balzac 2 - Riverside 2 |
BOTTOM OF THE 7TH |
Riverside Red Bulls batting - Pitching for Balzac Rams : LHP Alberto García
|
Now at 1B: Colt Pope
|
|
Batting: RHB Júlio García
|
0-0: Fly out, F8 (Flyball, 8RXD)
|
Batting: RHB Earnest Finnegan
|
0-0: Ground out 6-3 (Groundball, 56D)
|
Batting: RHB William Richardson
|
0-0: Called Strike 0-1: Ball 1-1: Called Strike Reached via error on a dropped throw, E3
|
Batting: SHB Chun-yeong Kim
|
0-0: Called Strike 0-1: Called Strike 0-2: Ball 1-2: Ball 2-2: Foul Ball, location: 2F 2-2: Ball 3-2: Foul Ball, location: 2F 3-2: Fly out, F8 (Flyball, 8RD)
|
Bottom of the 7th over - 0 run(s), 0 hit(s), 1 error(s), 1 left on base; Balzac 2 - Riverside 2 |
TOP OF THE 8TH |
Balzac Rams batting - Pitching for Riverside Red Bulls : RHP Paco Ríos
|
Batting: RHB Paul Spencer
|
0-0: Ball 1-0: Called Strike 1-1: Ground out 4-3 (Groundball, 4)
|
Batting: LHB William Wolf
|
0-0: Called Strike 0-1: Called Strike 0-2: Ball 1-2: Strikes out looking
|
Batting: RHB Thomas Christopher
|
0-0: Ball 1-0: Fly out, F8 (Flyball, 8RM)
|
Top of the 8th over - 0 run(s), 0 hit(s), 0 error(s), 0 left on base; Balzac 2 - Riverside 2 |
BOTTOM OF THE 8TH |
Riverside Red Bulls batting - Pitching for Balzac Rams : LHP Alberto García
|
Pitching: LHP Richard Dorris
|
|
Batting: RHB Brandon Pope
|
0-0: Ball 1-0: Foul Ball, location: 2F 1-1: Called Strike 1-2: Strikes out swinging
|
Pinch Hitting: LHB Paco Rivera
|
0-0: Ball 1-0: Swinging Strike 1-1: Ball 2-1: Fly out, F5 (Popup, 15)
|
Batting: RHB Marcos Hernández
|
0-0: Ground out 1-3 (Groundball, 15S)
|
Bottom of the 8th over - 0 run(s), 0 hit(s), 0 error(s), 0 left on base; Balzac 2 - Riverside 2 |
TOP OF THE 9TH |
Balzac Rams batting - Pitching for Riverside Red Bulls : RHP Paco Ríos
|
Pitching: LHP Stu Creichton
|
|
Now at SS: Kelly Jones
|
|
Batting: RHB Shawn Bane
|
0-0: Ball 1-0: Called Strike 1-1: SINGLE (Groundball, 34)
|
Batting: RHB Manuel Pérez
|
0-0: Ball 1-0: Bunt missed! 1-1: Bunted foul 1-2: Fly out, F3 (Popup, 4)
|
Batting: RHB Tokuhei Kobayashi
|
0-0: Called Strike 0-1: Ball 1-1: Ball 2-1: Foul Ball, location: 2F 2-2: Ball 3-2: Base on Balls Shawn Bane to second
|
Batting: LHB José Berroa
|
0-0: Called Strike 0-1: Grounds into double play, U6-3 (Groundball, 6)
|
Top of the 9th over - 0 run(s), 1 hit(s), 0 error(s), 1 left on base; Balzac 2 - Riverside 2 |
BOTTOM OF THE 9TH |
Riverside Red Bulls batting - Pitching for Balzac Rams : RHP Carlos Bamber
|
Pitching: RHP Carlos Bamber
|
|
Batting: LHB Jorge Meléndez
|
0-0: Ground out 4-3 (Groundball, 4)
|
Pitching: RHP Shiki Kanno
|
|
Batting: RHB Kyle Bacon
|
0-0: Ball 1-0: Foul Ball, location: 2F 1-1: Fly out, F7 (Flyball, 7M)
|
Pinch Hitting: LHB Mike Mitchell
|
0-0: Ball 1-0: Ball 2-0: Called Strike 2-1: Ground out 6-3 (Groundball, 6M)
|
Bottom of the 9th over - 0 run(s), 0 hit(s), 0 error(s), 0 left on base; Balzac 2 - Riverside 2 |
TOP OF THE 10TH |
Balzac Rams batting - Pitching for Riverside Red Bulls : LHP Stu Creichton
|
Now at C: Jesús Naút
|
|
Batting: RHB Dave Craig
|
0-0: Ball 1-0: Swinging Strike 1-1: Foul Ball, location: 2F 1-2: Strikes out swinging
|
Pinch Hitting: RHB Scott Green
|
0-0: Ball 1-0: Called Strike 1-1: Foul Ball, location: 2F 1-2: Fly out, F8 (Flyball, 8LD)
|
Batting: RHB Paul Spencer
|
0-0: Ball 1-0: Called Strike 1-1: Foul Ball, location: 2F 1-2: Ball 2-2: Strikes out looking
|
Top of the 10th over - 0 run(s), 0 hit(s), 0 error(s), 0 left on base; Balzac 2 - Riverside 2 |
|